 Dungeon Sprint DCSS version 0.30.1-4-g462c640d31 (webtiles) character file.

Game seed: 12490756808538967027

31285 Groucho the Imperceptible (level 13, 0/77 HPs)
             Began as a Spriggan Enchanter on Aug 11, 2023.
             Was the Champion of Sif Muna.
             Constricted to death by a nagaraja (4 damage)
             ... in the Dungeon (Sprint III: "The Ten Rune Challenge").
             The game lasted 00:41:04 (7733 turns).

Groucho the Imperceptible (Spriggan Enchanter)      Turns: 7733, Time: 00:41:04

Health: 0/77       AC:  5    Str:  4    XL:     13   Next: 25%
Magic:  20/34      EV: 27    Int: 20    God:    Sif Muna [******]
Gold:   1466       SH:  0    Dex: 17    Spells: 1/45 levels left

rFire   + . .        a - +2 dagger (venom)
rCold   + . .        (no shield)
rNeg    . . .        g - +2 robe {rC+ rF+}
rPois   .            (helmet restricted)
rElec   .            j - +0 cloak
rCorr   .            (gloves unavailable)
SInv    +            (boots unavailable)
Will    ++...        (no amulet)
Stlth   ++++++++     (no ring)
HPRegen 0.32/turn    (no ring)
MPRegen 0.24/turn

%: no teleportation
@: lethally poisoned (0 -> -5), confusing by touch, constricted, very quick
A: very small, no large weapons, unfitting armour, see invisible, speed 3,
talons 1, robust 1
a: Renounce Religion, Channel Magic, Forget Spell, Divine Exegesis


You were in the Dungeon.
You worshipped Sif Muna.
Sif Muna was exalted by your worship.
You visited 1 branch You collected 1675 gold pieces.
You spent 209 gold pieces at shops.

Inventory:

Hand Weapons
 a - a +2 dagger of venom (weapon)
Missiles
 o - 4 curare-tipped darts (quivered)
Armour
 b - a +1 robe of positive energy
 g - a +2 robe of resistance (worn)
 j - a +0 cloak (worn)
Scrolls
 i - a scroll of blinking
 k - a scroll of immolation {unknown}
 l - 2 scrolls of identify
 m - 3 scrolls of amnesia {unknown}
 n - a scroll of poison {unknown}
 p - 2 scrolls of silence {unknown}
Potions
 c - a potion of invisibility
 d - 3 potions of curing
 e - 2 potions of heal wounds
 f - a potion of might
 h - 2 potions of berserk rage
 q - a potion of brilliance
 r - a potion of lignification
 s - a potion of flight


   Skills:
 + Level 9.5 Fighting
 - Level 10.0 Short Blades
 + Level 17.9 Dodging
 + Level 21.2 Stealth
 + Level 16.5 Spellcasting
 + Level 9.2 Conjurations
 - Level 14.0 Hexes
 + Level 12.4 Translocations
 + Level 1.1 Fire Magic
 + Level 8.0 Earth Magic
 * Level 12.4 Invocations


You had one spell level left.
You knew the following spells:

 Your Spells              Type           Power      Damage    Failure   Level
a - Ensorcelled Hibernat  Hex/Ice        88%        N/A       1%          2
b - Confusing Touch       Hex            64%        N/A       1%          3
c - Dazzling Flash        Conj/Hex       100%       N/A       1%          3
d - Starburst             Conj/Fire      18%        6d7       54%         6
e - Summon Hydra          Summ           8%         N/A       100%        7
f - Apportation           Tloc           100%       N/A       1%          1
g - Enfeeble              Hex            32%        N/A       10%         7
h - Lee's Rapid Deconstr  Erth           24%        3d13*     3%          5
i - Stone Arrow           Conj/Erth      100%       3d13      1%          3
j - Vhi's Electric Charg  Tloc/Air       82%        N/A       1%          3
k - Iskenderun's Mystic   Conj/Tloc      56%        2d12      1%          4

Your spell library contained the following spells:

 Spells                   Type           Power      Damage    Failure   Level
 Foxfire                  Conj/Fire      100%       2x1d9     1%          1
 Sandblast                Erth           96%        2d20      1%          1
 Sting                    Tmut/Pois      64%        1d6       3%          1
 Lesser Beckoning         Tloc           100%       N/A       1%          2
 Momentum Strike          Conj/Tloc      100%       3d10      1%          2
 Passwall                 Tmut/Erth      26%        N/A       1%          2
 Searing Ray              Conj           100%       2d8       1%          2
 Gell's Gravitas          Tloc           60%        N/A       1%          3
 Inner Flame              Hex/Fire       46%        N/A       1%          3
 Portal Projectile        Hex/Tloc       100%       N/A       1%          3
 Summon Guardian Golem    Hex/Summ       44%        N/A       1%          3
 Teleport Other           Tloc           60%        N/A       1%          3
 Tukima's Dance           Hex            64%        N/A       1%          3
 Anguish                  Hex/Necr       22%        N/A       1%          4
 Cause Fear               Hex            32%        N/A       1%          4
 Leda's Liquefaction      Hex/Erth       28%        N/A       1%          4
 Manifold Assault         Tloc           60%        N/A       1%          4
 Passage of Golubria      Tloc           60%        N/A       1%          4
 Scorch                   Fire           42%        2d6       3%          2
 Dispersal                Tloc           30%        N/A       3%          6
 Call Imp                 Summ           32%        N/A       5%          2
 Cigotuvi's Dreadful Rot  Necr/Pois/Air  32%        N/A       5%          2
 Wereblood                Tmut           16%        N/A       5%          2
 Metabolic Englaciation   Hex/Ice        22%        N/A       5%          5
 Silence                  Hex/Air        22%        N/A       5%          5
 Summon Mana Viper        Hex/Summ       44%        N/A       5%          5
 Yara's Violent Unravell  Hex/Tmut       22%        3d10      5%          5
 Animate Armour           Summ/Erth      64%        N/A       7%          4
 Ignite Poison            Fire/Tmut/Pois 18%        N/A       9%          3
 Call Canine Familiar     Summ           16%        N/A       11%         3
 Irradiate                Conj/Tmut      17%        3d17      14%         5
 Iron Shot                Conj/Erth      25%        9d5       16%         6
 Borgnjor's Vile Clutch   Necr/Erth      16%        N/A       19%         5
 Freezing Cloud           Conj/Ice/Air   14%        6-21      28%         5
 Discord                  Hex            32%        N/A       58%         8
 Conjure Ball Lightning   Conj/Air       17%        3x3d6     63%         6
 Alistair's Intoxication  Tmut/Pois      10%        N/A       69%         5
 Blade Hands              Tmut           8%         N/A       69%         5
 Death Channel            Necr           8%         N/A       99%         6
 Eringya's Noxious Bog    Tmut/Pois      8%         N/A       99%         6
 Simulacrum               Ice/Necr       8%         N/A       99%         6
 Summon Cactus Giant      Summ           8%         N/A       99%         6
 Spellforged Servitor     Conj/Summ      17%        N/A       99%         7
 Dragon Form              Tmut           8%         N/A       100%        7
 Lehudib's Crystal Spear  Conj/Erth      25%        10d7      100%        8
 Necromutation            Tmut/Necr      8%         N/A       100%        8
 Summon Horrible Things   Summ           8%         N/A       100%        8
 Chain Lightning          Conj/Air       17%        3d23      100%        9


Dungeon Overview and Level Annotations

Branches:
Dungeon (1/1)

Altars:
Cheibriados
Dithmenos
Elyvilon
Fedhas
Gozag
Hepliaklqana
Kikubaaqudgha
Makhleb
Nemelex Xobeh
Okawaru
Qazlal
Ru
Sif Muna
Trog
Uskayaw
Vehumet
Wu Jian
Xom
Yredelemnul
Zin
The Shining One
Jiyva
Lugonu

Shops:
D !


Innate Abilities, Weirdness & Mutations

You are very small and have problems with some larger weapons.
You are too small for most types of armour.
You have supernaturally acute eyesight. (SInv)
You cover ground extremely quickly. (Speed+++)
You have sharp toenails.
You are robust. (+10% HP)


Message History

Confirm with . or Enter, or press ? or * to list all spells.
Aiming: Ensorcelled Hibernation (safe; 1% risk of failure)
Press: ? - help, Shift-Dir - straight line, f/p - nagaraja
Aim: a nagaraja, wielding a +3 spear and wearing a +0 robe (catching its breath, chance to affect: 0%)
The nagaraja resists with almost no effort.
Casting: Ensorcelled Hibernation (safe; 1% risk of failure)
Confirm with . or Enter, or press ? or * to list all spells.
Your hands begin to glow red.
The nagaraja gestures at you while chanting.
The bolt of poison hits you!
You are poisoned.
You feel very sick.
You feel sick.
The nagaraja gestures wildly while chanting.
The nagaraja seems to speed up.
You hit the nagaraja but do no damage.
You feel sick. The nagaraja hits you with a +3 spear.
The nagaraja closely misses you.
You hit the nagaraja but do no damage.
You feel sick.
You completely miss the nagaraja.
You claw the nagaraja, but do no damage.
You feel sick. The nagaraja completely misses you. The nagaraja grabs you.
The nagaraja constricts you.
You hit the nagaraja but do no damage.
You claw the nagaraja, but do no damage.
You feel sick. The nagaraja hits you with a +3 spear.
The nagaraja constricts you.
You are too injured to fight recklessly!
You are too injured to fight recklessly!
You hit the nagaraja but do no damage.
You feel sick. The nagaraja barely misses you. The nagaraja constricts you.
Unknown command.
Unknown command.
You hit the nagaraja but do no damage.
You claw the nagaraja, but do no damage.
You feel sick.
You closely miss the nagaraja. Your kick misses the nagaraja.
You feel sick. The nagaraja hits you with a +3 spear!!
* * * LOW HITPOINT WARNING * * *
The nagaraja constricts you.
You die...

J.#~~~~...PP.....♣
♣.....##†.....
###########†#############+#####
#.........†.## #.........†..#
###########..# ##.....÷.....#
#......÷....## #..##########
#...@N......## ##)†.........#
##########..# .N.........#
.NNN......## .##########


You could see a nagaraja (fast).

Vanquished Creatures
  Rupert (D)
  Gastronok (D)
  Dowan (D)
  A deep elf demonologist (D)
  2 deep elf annihilators (D)
  2 dire elephants (D)
  A deep elf death mage (D)
  2 hydras (D)
  Erolcha (D)
  3 anacondas (D)
  2 orc high priests (D)
  Urug (D)
  4 death yaks (D)
  2 deep elf knights (D)
  A death drake (D)
  A spriggan druid (D)
  A lindwurm (D)
  An orc sorcerer (D)
  3 deep elf zephyrmancers (D)
  An orc knight (D)
  2 deep elf pyromancers (D)
  2 elephants (D)
  5 black mambas (D)
  Duvessa (D)
  2 cane toads (D)
  A rime drake (D)
  3 wandering mushrooms (D)
  A komodo dragon (D)
  A queen bee (D)
  8 blink frogs (D)
  2 tyrant leeches (D)
  A shadow (D)
  5 redbacks (D)
  A naga (D)
  A spatial vortex (D)
  5 water moccasins (D)
  3 orc warriors (D)
  A swamp drake (D)
  5 two-headed ogres (D)
  A water elemental (D)
  A necrophage (D)
  22 killer bees (D)
  An electric eel (D)
  A jelly (D)
  Crazy Yiuf (D)
  4 orc priests (D)
  A wizard (D)
  Jessica (D)
  A necromancer (D)
  2 orc wizards (D)
  A kobold demonologist (D)
  3 humans (D)
  6 adders (D)
  5 orcs (D)
  An endoplasm (D)
  2 rats (D)
136 creatures vanquished.

Vanquished Creatures (collateral kills)
  2 spriggans (D)
  10 killer bees (D)
12 creatures vanquished.

Vanquished Creatures (others)
  An orc priest (D)
  An orc (D)
  5 ballistomycete spores (D)
7 creatures vanquished.

Grand Total: 155 creatures vanquished

Notes
Turn   | Place    | Note
-------+----------+-------------------------------------------
     0 | D        | Groucho the Spriggan Enchanter began the quest for the Orb.
     0 | D        | Reached XP level 1. HP: 9/9 MP: 5/5
    15 | D        | Noticed Jessica
    18 | D        | Reached skill level 5 in Stealth
    21 | D        | Killed Jessica
    22 | D        | Reached skill level 6 in Stealth
    22 | D        | Reached skill level 5 in Hexes
    22 | D        | Reached XP level 2. HP: 13/13 MP: 6/8
    22 | D        | Reached XP level 3. HP: 16/16 MP: 6/9
   227 | D        | Noticed Crazy Yiuf
   234 | D        | Killed Crazy Yiuf
   235 | D        | Reached skill level 5 in Dodging
   235 | D        | Reached skill level 7 in Stealth
   235 | D        | Reached skill level 5 in Spellcasting
   235 | D        | Reached XP level 4. HP: 21/21 MP: 10/12
   244 | D        | Noticed a water elemental
   246 | D        | Killed a water elemental
   247 | D        | Reached skill level 8 in Stealth
   249 | D        | Found a radiant altar of Vehumet.
   250 | D        | Found a shimmering blue altar of Sif Muna.
   250 | D        | Found an ancient bone altar of Kikubaaqudgha.
   250 | D        | Noticed a wizard
   251 | D        | Killed a wizard
   252 | D        | Reached skill level 5 in Short Blades
   252 | D        | Reached XP level 5. HP: 24/24 MP: 11/14
   254 | D        | Reached skill level 9 in Stealth
   255 | D        | Became a worshipper of Sif Muna the Loreminder
   267 | D        | Found a glowing silver altar of Zin.
   267 | D        | Found a glowing golden altar of the Shining One.
   267 | D        | Found a white marble altar of Elyvilon.
   268 | D        | Noticed a deep elf pyromancer
   270 | D        | Killed a deep elf pyromancer
   271 | D        | Reached skill level 11 in Stealth
   271 | D        | Reached XP level 6. HP: 28/28 MP: 13/18
   271 | D        | Reached XP level 7. HP: 32/32 MP: 14/20
   273 | D        | Found a hide-covered altar of Uskayaw.
   273 | D        | Found an iron altar of Okawaru.
   273 | D        | Found a bloodstained altar of Trog.
   273 | D        | Found an ornate altar of the Wu Jian Council.
   273 | D        | Noticed a human
   273 | D        | Noticed a human
   276 | D        | Killed a human
   277 | D        | Reached skill level 12 in Stealth
   277 | D        | Reached skill level 1 in Invocations
   277 | D        | Killed a human
   277 | D        | Reached * piety under Sif Muna
   278 | D        | Reached skill level 10 in Dodging
   374 | D        | Learned a level 2 spell: Ensorcelled Hibernation
   378 | D        | Learned a level 3 spell: Confusing Touch
   382 | D        | Learned a level 3 spell: Dazzling Flash
   386 | D        | Learned a level 3 spell: Tukima's Dance
   386 | D        | Found a shadowy altar of Dithmenos.
   387 | D        | Found a basalt altar of Yredelemnul.
   387 | D        | Found a sacrificial altar of Ru.
   408 | D        | Noticed a shadow
   410 | D        | Killed a shadow
   410 | D        | Reached ** piety under Sif Muna
   411 | D        | Reached skill level 1 in Conjurations
   411 | D        | Reached skill level 10 in Hexes
   411 | D        | Reached XP level 8. HP: 36/36 MP: 18/22
   416 | D        | Found a blossoming altar of Fedhas.
   416 | D        | Found a stormy altar of Qazlal.
   416 | D        | Found a snail-covered altar of Cheibriados.
   416 | D        | Found a burning altar of Makhleb.
   416 | D        | Found a shimmering altar of Xom.
   417 | D        | Found a hazy altar of Hepliaklqana.
   417 | D        | Found an opulent altar of Gozag.
   417 | D        | Found a sparkling altar of Nemelex Xobeh.
   417 | D        | Found a corrupted altar of Lugonu.
   417 | D        | Found a viscous altar of Jiyva.
   425 | D        | Reached skill level 13 in Stealth
   425 | D        | Reached skill level 10 in Spellcasting
   468 | D        | Reached *** piety under Sif Muna
   932 | D        | Noticed a two-headed ogre
   940 | D        | Killed a two-headed ogre
  1203 | D        | Noticed a two-headed ogre
  1203 | D        | Noticed Erolcha
  1205 | D        | Killed Erolcha
  1206 | D        | Reached skill level 1 in Fighting
  1206 | D        | Reached skill level 14 in Stealth
  1206 | D        | Reached skill level 5 in Invocations
  1206 | D        | Reached XP level 9. HP: 42/42 MP: 23/25
  1206 | D        | Killed a two-headed ogre
  1206 | D        | Reached **** piety under Sif Muna
  1232 | D        | Reached skill level 10 in Short Blades
  1370 | D        | Gained mutation: Your muscles are strong. (Str +4, Int/Dex
                  | -1) [potion of mutation]
  1370 | D        | Gained mutation: You expend magic power (3 MP) to
                  | strengthen your wands. [potion of mutation]
  1371 | D        | Lost mutation: Your muscles are strong. (Str +4, Int/Dex
                  | -1) [potion of mutation]
  1371 | D        | Lost mutation: You expend magic power (3 MP) to strengthen
                  | your wands. [potion of mutation]
  1371 | D        | Gained mutation: You do not regenerate when monsters are
                  | visible. [potion of mutation]
  1371 | D        | Gained mutation: You have sharp toenails. [potion of
                  | mutation]
  1371 | D        | Gained mutation: You have a pair of small antennae on your
                  | head. [potion of mutation]
  1372 | D        | Lost mutation: You do not regenerate when monsters are
                  | visible. [potion of mutation]
  1372 | D        | Lost mutation: You have a pair of small antennae on your
                  | head. [potion of mutation]
  1372 | D        | Gained mutation: You are partially covered in iridescent
                  | scales. (AC +2) [potion of mutation]
  1372 | D        | Gained mutation: You do not regenerate when monsters are
                  | visible. [potion of mutation]
  1373 | D        | Lost mutation: You are partially covered in iridescent
                  | scales. (AC +2) [potion of mutation]
  1373 | D        | Lost mutation: You do not regenerate when monsters are
                  | visible. [potion of mutation]
  1373 | D        | Lost mutation: You have sharp toenails. [potion of
                  | mutation]
  1373 | D        | Gained mutation: You are robust. (+10% HP) [potion of
                  | mutation]
  1373 | D        | Gained mutation: You have sharp toenails. [potion of
                  | mutation]
  1529 | D        | Noticed a wandering mushroom
  1867 | D        | Noticed a wandering mushroom
  1877 | D        | Killed a wandering mushroom
  1878 | D        | Noticed a wandering mushroom
  1894 | D        | Killed a wandering mushroom
  1956 | D        | Noticed Duvessa
  1957 | D        | Noticed Dowan
  1966 | D        | Killed Duvessa
  1967 | D        | Reached skill level 15 in Stealth
  1969 | D        | Killed Dowan
  1969 | D        | Reached ***** piety under Sif Muna
  1970 | D        | Reached XP level 10. HP: 24/55 MP: 19/27
  2257 | D        | Noticed a cane toad
  2257 | D        | Noticed a cane toad
  2260 | D        | Killed a cane toad
  2261 | D        | Reached skill level 5 in Conjurations
  2262 | D        | Killed a cane toad
  2263 | D        | Reached skill level 16 in Stealth
  2269 | D        | Received a gift from Sif Muna
  2270 | D        | Got Sif Muna's Almanac of the Entourage and Forms {god
                  | gift}
  2311 | D        | Learned a level 7 spell: Summon Hydra
  2312 | D        | Noticed a lindwurm
  2315 | D        | Killed a lindwurm
  2316 | D        | Reached skill level 5 in Fighting
  2323 | D        | Noticed Urug
  2329 | D        | Killed Urug
  2623 | D        | Received a gift from Sif Muna
  2624 | D        | Got Sif Muna's Vellum of Rallying and Transposition {god
                  | gift}
  2628 | D        | Reached skill level 17 in Stealth
  2634 | D        | Reached XP level 11. HP: 53/61 MP: 21/29
  2640 | D        | Received a gift from Sif Muna
  2680 | D        | Received a gift from Sif Muna
  2706 | D        | Got Sif Muna's Even More Theurgy {god gift}
  2706 | D        | Got Sif Muna's Compilation of Hapless Soot {god gift}
  2831 | D        | Learned a level 1 spell: Apportation
  2839 | D        | Learned a level 7 spell: Enfeeble
  2845 | D        | Learned a level 5 spell: Lee's Rapid Deconstruction
  3049 | D        | Reached skill level 1 in Translocations
  3147 | D        | Noticed a yaktaur captain
  3147 | D        | Noticed a yaktaur captain
  3546 | D        | Noticed an eight-headed hydra
  3546 | D        | Noticed a four-headed hydra
  3548 | D        | Received a gift from Sif Muna
  3549 | D        | Got Sif Muna's Quarto of Relocated Sidekicks {god gift}
  3569 | D        | Killed an eight-headed hydra
  3570 | D        | Reached skill level 1 in Earth Magic
  3597 | D        | Killed a four-headed hydra
  3611 | D        | Noticed a death drake
  3614 | D        | Killed a death drake
  3621 | D        | Found a blossoming altar of Fedhas.
  3621 | D        | Noticed a spriggan druid
  3641 | D        | Killed a spriggan druid
  3642 | D        | Reached skill level 15 in Dodging
  3675 | D        | Noticed a dire elephant
  3681 | D        | Killed a dire elephant
  3682 | D        | Reached skill level 18 in Stealth
  3682 | D        | Reached skill level 5 in Translocations
  3786 | D        | Found Vawill's Distillery.
  3786 | D        | Noticed an orc high priest
  3786 | D        | Noticed an orc sorcerer
  3794 | D        | Received a gift from Sif Muna
  3808 | D        | Killed an orc sorcerer
  3948 | D        | Noticed an orc knight
  3954 | D        | Killed an orc knight
  3954 | D        | Received a gift from Sif Muna
  3955 | D        | Got Mehumai's Parchment of Chthonic Ill Luck {god gift}
  3960 | D        | Learned a level 3 spell: Stone Arrow
  3972 | D        | Killed an orc high priest
  3973 | D        | Reached skill level 10 in Invocations
  4071 | D        | Got Sif Muna's Almanac of Sandy Blasts {god gift}
  4194 | D        | Bought a potion of curing for 33 gold pieces
  4194 | D        | Bought a potion of heal wounds for 55 gold pieces
  4194 | D        | Bought a potion of curing for 33 gold pieces
  4194 | D        | Bought a potion of degeneration for 11 gold pieces
  4194 | D        | Bought a potion of brilliance for 44 gold pieces
  4194 | D        | Bought a potion of lignification for 33 gold pieces
  4208 | D        | Noticed a deep elf zephyrmancer
  4208 | D        | Noticed a deep elf pyromancer
  4208 | D        | Noticed a deep elf knight
  4208 | D        | Noticed a deep elf knight
  4208 | D        | Noticed a deep elf zephyrmancer
  4223 | D        | Killed a deep elf knight
  4234 | D        | Killed a deep elf knight
  4241 | D        | Killed a deep elf zephyrmancer
  4242 | D        | Reached XP level 12. HP: 69/69 MP: 31/31
  4245 | D        | Noticed a deep elf annihilator
  4245 | D        | Noticed a deep elf annihilator
  4246 | D        | Received a gift from Sif Muna
  4247 | D        | Reached skill level 19 in Stealth
  4247 | D        | Reached skill level 5 in Earth Magic
  4247 | D        | Got Sif Muna's Guidebook on Concussion {god gift}
  4248 | D        | Noticed a deep elf death mage
  4249 | D        | Noticed a deep elf demonologist
  4257 | D        | Noticed a deep elf death mage
  4269 | D        | Killed a deep elf demonologist
  4426 | D        | Noticed a deep elf blademaster
  4671 | D        | Identified the staff of conjuration "Veosiq" {Drain rPois
                  | Int+4}
  4672 | D        | Identified the +8 great sword "Orb Guardian's Doom"
                  | {freeze, rPois rF+ rN+ MP+9 Str-2}
  4852 | D        | Killed a deep elf annihilator
  4853 | D        | Reached skill level 15 in Spellcasting
  5805 | D        | Killed a deep elf death mage
  5980 | D        | Killed a deep elf death mage
  6012 | D        | Killed a deep elf annihilator
  6259 | D        | Received a gift from Sif Muna
  6262 | D        | Got Sif Muna's Vellum of Underground Damage {god gift}
  6267 | D        | Learned a level 3 spell: Vhi's Electric Charge
  6272 | D        | Learned a level 4 spell: Iskenderun's Mystic Blast
  6421 | D        | Noticed a dire elephant
  6432 | D        | Killed a dire elephant
  6433 | D        | Reached skill level 10 in Translocations
  6527 | D        | Noticed Gastronok
  6531 | D        | Reached skill level 20 in Stealth
  6536 | D        | Received a gift from Sif Muna
  6549 | D        | Killed Gastronok
  6559 | D        | Reached ****** piety under Sif Muna
  6563 | D        | Noticed Rupert
  6583 | D        | Killed Rupert
  6736 | D        | Noticed a death yak
  6737 | D        | Noticed a death yak
  6739 | D        | Noticed a death yak
  6748 | D        | Killed a death yak
  6748 | D        | Received a gift from Sif Muna
  6757 | D        | Noticed a death yak
  6775 | D        | Killed a death yak
  6777 | D        | Got Sif Muna's Improving Your Incantation {god gift}
  6794 | D        | Killed a death yak
  6795 | D        | Reached XP level 13. HP: 44/77 MP: 22/34
  7160 | D        | Noticed an azure jelly
  7160 | D        | Noticed an azure jelly
  7204 | D        | Received a gift from Sif Muna
  7382 | D        | Received a gift from Sif Muna
  7398 | D        | Reached skill level 21 in Stealth
  7403 | D        | Got Sif Muna's Spellbook of the Mesa and Alteration {god
                  | gift}
  7412 | D        | Learned a level 6 spell: Starburst
  7611 | D        | Reached skill level 1 in Fire Magic
  7668 | D        | Noticed a nagaraja
  7733 | D        | Constricted to death by a nagaraja

Illustrated notes

Levels and vault maps discovered:
D:        dungeon_sprint_mu [sprint_mu_entry_forest, sprint_mu_temple_rooms,
          sprint_mu_d1_spiders, sprint_mu_d2_genie, sprint_mu_d3_branching,
          sprint_mu_orc_legion, sprint_mu_elf_gauntlet, sprint_mu_hive_nellie,
          sprint_mu_lair_fedhas, sprint_mu_vaults_butterflies,
          sprint_mu_slime_circle, sprint_mu_swamp_cave, sprint_mu_snake_twists,
          sprint_mu_blade_basic, sprint_mu_crypt_lich, sprint_mu_tomb_spiral,
          sprint_mu_vestibule_basic, sprint_mu_gehenna_hellfire,
          sprint_mu_dis_giant, sprint_mu_tartarus_statrot,
          sprint_mu_cocytus_islands, sprint_mu_zot1]

Skill      XL: |  1  2  3  4  5  6  7  8  9 10 11 12 13 |
---------------+----------------------------------------+-----
Hexes          | 5 6 9 10 11 12 13 14 | 14.0
Dodging        | 4 5 6 9 10 11 13 14 15 17 | 17.9
Stealth        | 6 7 8 11 12 14 15 17 18 20 21 | 21.2
Spellcasting   | 4 5 6 8 9 11 12 13 14 16 | 16.5
Short Blades   | 2 3 5 7 8 9 10 | 10.0
Invocations    | 3 5 7 8 10 11 12 | 12.4
Conjurations   | 1 3 4 6 7 8 9 |  9.2
Fighting       | 1 4 5 7 9 |  9.5
Translocations | 7 11 12 | 12.4
Earth Magic    | 4 7 8 |  8.0
Fire Magic     | 1 |  1.1

Action                     |  1- 3 |  4- 6 |  7- 9 | 10-12 | 13-15 || total
---------------------------+-------+-------+-------+-------+-------++-------
  Melee: Dagger            |     9 |     4 |    35 |   260 |    81 ||   389
         Kick              |       |       |     9 |    83 |    35 ||   127
         Punch             |       |       |       |     2 |     1 ||     3
  Throw: Dart              |       |       |       |     3 |       ||     3
   Cast: Ensorcelled Hiber |       |       |    22 |    71 |    23 ||   116
         Confusing Touch   |       |       |     3 |     8 |     2 ||    13
         Dazzling Flash    |       |       |     1 |    17 |     3 ||    21
         Summon Hydra      |       |       |       |     3 |       ||     3
         Tukima's Dance    |       |       |       |     1 |       ||     1
         Stone Arrow       |       |       |       |    49 |       ||    49
         Lee's Rapid Decon |       |       |       |    25 |       ||    25
         Apportation       |       |       |       |    15 |       ||    15
         Momentum Strike   |       |       |       |     1 |       ||     1
 Invoke: Divine Exegesis   |       |       |       |     4 |       ||     4
         Forget Spell      |       |       |       |       |     1 ||     1
    Use: Potion            |     2 |       |     5 |     6 |       ||    13
         Scroll            |       |       |       |       |     1 ||     1
   Stab: Sleeping          |     4 |     4 |    16 |    44 |    17 ||    85
         Invisible         |     1 |       |     1 |    23 |     2 ||    27
         Confused          |       |       |     2 |     8 |     1 ||    11
         Distracted        |       |       |     1 |     1 |       ||     2
 Armour: Robe              |       |       |       |     5 |     3 ||     8
  Dodge: Dodged            |     3 |       |    32 |   180 |    64 ||   279
